 Dungeon Crawl Stone Soup version 0.29.1-12-g30fa7ad0bf (webtiles) character file.

Game seed: 11928668968867229472

392 EarthwalkerPL the Covered (level 6, -3/56 HPs)
             Began as a Minotaur Fighter on Dec 30, 2022.
             Killed from afar by an orc wizard (10 damage)
             ... with a puff of flame
             ... on level 3 of the Dungeon.
             The game lasted 00:08:02 (2914 turns).

EarthwalkerPL the Covered (Minotaur Fighter)        Turns: 2914, Time: 00:08:02

Health: -3/56      AC:  7    Str: 23    XL:     6   Next: 50%
Magic:  5/5        EV:  9    Int:  5    God:
Gold:   86         SH:  4    Dex:  9    Spells: 5/5 levels left

rFire   . . .      SeeInvis .   a - +0 war axe
rCold   . . .      Faith    .   c - +0 buckler
rNeg    . . .      Spirit   .   b - +0 scale mail
rPois   .          Reflect  .   (helmet restricted)
rElec   .          Harm     .   (no cloak)
rCorr   .          Rampage  .   (no gloves)
Will    .....                   (no boots)
Stlth   ..........              (no amulet)
HPRegen 0.18/turn               (no ring)
MPRegen 0.09/turn               (no ring)

@: no status effects
A: horns 2, retaliatory headbutt
a: no special abilities


You were on level 3 of the Dungeon.
You visited 1 branch of the dungeon, and saw 3 of its levels.
You also visited: Sewer.

You collected 86 gold pieces.

Inventory:

Hand Weapons
 a - a +0 war axe (weapon)
Missiles
 f - 5 boomerangs (quivered)
Armour
 b - a +0 scale mail (worn)
 c - a +0 buckler (worn)
Scrolls
 g - 2 scrolls of blinking {unknown}
 h - 2 scrolls of poison {unknown}
 j - a scroll of fog {unknown}
 m - a scroll of torment {unknown}
 n - 5 scrolls of identify {unknown}
 r - 2 scrolls of magic mapping {unknown}
 s - a scroll of vulnerability {unknown}
Potions
 d - 2 potions of might
 e - 2 potions of curing {unknown}
 i - a potion of attraction {unknown}
 k - 2 potions of lignification {unknown}
 l - a potion of resistance {unknown}
 o - 3 potions of flight
 p - a potion of experience {unknown}
 q - 4 potions of mutation


   Skills:
 * Level 5.1 Fighting
 * Level 4.5 Axes
 * Level 2.8 Throwing
 * Level 5.3 Armour
 + Level 4.4 Shields


You had 5 spell levels left.
You didn't know any spells.
Your spell library was empty.

Dungeon Overview and Level Annotations

Branches:
Dungeon (3/15)              Sewer (visited)

Altars:

Shops:
D:2 (


Innate Abilities, Weirdness & Mutations

You have a pair of horns on your head.
You reflexively headbutt those who attack you in melee.


Message History

You are too injured to fight recklessly!
You are too injured to fight recklessly!
You are too injured to fight recklessly!
You are too injured to fight recklessly!
You are too injured to fight recklessly!
You are too injured to fight recklessly!
You are too injured to fight recklessly!
You are too injured to fight recklessly!
You are too injured to fight recklessly!
You are too injured to fight recklessly!
You are too injured to fight recklessly!
You are too injured to fight recklessly!
You miss something. Your headbutt misses something.
Something hits you but does no damage.
You closely miss something. Your headbutt misses something.
Something hits you but does no damage.
Unknown command.
You hit something.
The orc priest begins to cast a cantrip, but forgets the words!
Something hits you but does no damage. You block something's attack.
You miss something. You block something's attack.
You closely miss something.
The orc priest mumbles some strange prayers to Beogh against you.
Beogh smites you! Something hits you.
* * * LOW HITPOINT WARNING * * *
You hit something.
You hear some strange, mumbled words.
A magic dart appears from out of thin air!
The magic dart hits you!
* * * LOW HITPOINT WARNING * * *
You miss something.
The orc priest mumbles some strange prayers to Beogh against you.
Something writhes in agony.
Something hits you.
* * * LOW HITPOINT WARNING * * *
Something hits you but does no damage.
You completely miss something.
You hear some strange, mumbled words.
A puff of flame appears from out of thin air!
The puff of flame hits you!
You die...

##....)############
##..##.###....#
#..#...# #....#
#.#.)#####....##
....## #.#.....#
.#### ##.......##
..#####...####..##
#.#......## ##..#
....#..#.# ##@#
......##.# #{#
.###..##.# #o# .#
##..#.# #.. .#
#....# ..# ..#
#...## #.# #[#
#....# #.. .#
#..#>.. #.. .#
#.....##


You could see an orc priest.

Vanquished Creatures
  An ice beast (D:3)
  An ogre (D:3)
  3 gnolls (D:3)
  6 adders
  4 river rats (Sewer)
  3 worms (Sewer)
  An orc (D:3)
  12 bats
  5 endoplasms
  6 giant cockroaches
  7 goblins
  3 hobgoblins
  6 jackals
  6 quokkas
  8 ball pythons
  4 frilled lizards
  10 kobolds
  8 rats
94 creatures vanquished.

Notes
Turn   | Place    | Note
-------+----------+-------------------------------------------
     0 | D:1      | EarthwalkerPL the Minotaur Fighter began the quest for the
                  | Orb.
     0 | D:1      | Reached XP level 1. HP: 19/19 MP: 0/0
   332 | D:1      | Reached XP level 2. HP: 24/27 MP: 1/1
   642 | D:2      | Found Exarreen's Antique Weapon Shoppe.
   687 | D:2      | Found a faded altar of an unknown god.
   724 | D:2      | Reached skill level 1 in Throwing
   959 | D:2      | Reached XP level 3. HP: 33/33 MP: 2/2
  1522 | D:3      | Reached XP level 4. HP: 22/40 MP: 3/3
  1552 | D:3      | Noticed an ogre
  1556 | D:3      | Killed an ogre
  1557 | D:3      | Reached XP level 5. HP: 13/47 MP: 4/4
  1628 | D:3      | Noticed an ice beast
  1701 | D:3      | Killed an ice beast
  1702 | D:3      | Reached skill level 5 in Armour
  1702 | D:3      | Reached XP level 6. HP: 16/55 MP: 5/5
  1740 | D:3      | Found a glowing drain.
  1759 | Sewer    | Entered a sewer
  1978 | Sewer    | Reached skill level 5 in Fighting
  2914 | D:3      | Killed from afar by an orc wizard

Illustrated notes

Levels and vault maps discovered:
D:1:      minmay_arrival_hallway, layout_basic
D:2:      layout_basic, serial_shops, shop, serial_glass, glass_columns_b,
          glass_columns_a, shapermc_ecumenical_altar_acropolis
D:3:      layout_rooms, portal_sewer_entry_b

Skill      XL: |  1  2  3  4  5  6 |
---------------+-------------------+-----
Armour         | 4 5 |  5.3
Throwing       | 1 2 |  2.8
Fighting       | 4 5 |  5.1
Axes           | 3 4 |  4.5
Shields        | 4 |  4.4

Action                   |  1- 3 |  4- 6 || total
-------------------------+-------+-------++-------
Melee: War axe           |    86 |   126 ||   212
       Headbutt          |     7 |    10 ||    17
Throw: Boomerang         |       |    21 ||    21
  Use: Potion            |       |     2 ||     2
Armor: Scale mail        |    38 |    83 ||   121
Dodge: Dodged            |    34 |    68 ||   102
Block: Buckler           |    18 |    36 ||    54
